 Dungeon Crawl Stone Soup version 0.31-a0-986-g5e6e4ef867 (webtiles) character file.

Game seed: 5031644231252323952

96533 FakeRyeBread the Bludgeoner (level 16, 0/95 HPs)
             Began as a Gargoyle Fighter on Nov 5, 2023.
             Was the Champion of Okawaru.
             Killed from afar by a starcursed mass (14 damage)
             ... with an accursed screaming
             ... while paralysed by accursed screaming
             ... on level 1 of the Abyss on Nov 6, 2023.
             The game lasted 01:09:26 (24474 turns).

FakeRyeBread the Bludgeoner (Gargoyle Fighter)     Turns: 24474, Time: 01:09:26

Health: 0/95       AC: 47    Str: 26    XL:     16   Next: 17%
Magic:  23/23      EV:  2    Int: 14    God:    Okawaru [******]
Gold:   1792       SH:  0    Dex:  9    Spells: 15/15 levels left

rFire   + . .        H - +4 eveningstar (flame)
rCold   + . .        N - +0 kite shield
rNeg    + . .        I - +5 crystal plate armour of Proximity {rC+}
rPois   ∞            A - +2 hat {Int+3}
rElec   +            f - +2 cloak {rPois}
rCorr   .            t - +0 pair of gloves
SInv    +            (no boots)
Will    +....        G - amulet of the acrobat Stlth
                     y - ring of see invisible
HPRegen 0.35/turn    j - ring of protection from fire
MPRegen 0.18/turn

%: acrobat
@: paralysed, flying, hasted
A: sickness immunity, AC +12, big wings, negative energy resistance 1,
electricity resistance, torment resistance 1, petrification resistance, frail 1,
[screaming 1]
a: Renounce Religion, Heroism, Finesse, Duel


You were on level 1 of the Abyss.
You worshipped Okawaru.
Okawaru was exalted by your worship.
You visited 4 branches of the dungeon, and saw 22 of its levels.
You visited the Abyss 1 time.
You also visited: Ossuary.

You collected 2038 gold pieces.
You spent 246 gold pieces at shops.

Inventory:

Hand Weapons
 h - a +3 whip of electrocution
 H - a +4 eveningstar of flaming (weapon)
Missiles
 o - 4 throwing nets
 r - 35 boomerangs
 w - 12 javelins
 E - 10 silver javelins (quivered)
Armour
 f - a +2 cloak of poison resistance (worn)
 t - a +0 pair of gloves (worn)
 A - a +2 hat of intelligence (worn)
 I - the +5 crystal plate armour of Proximity (worn) {rC+}
   (Okawaru gifted it to you on level 9 of the Dungeon)

   rC+:       It protects you from cold.
 N - a +0 kite shield (worn)
Jewellery
 j - a ring of protection from fire (right hand)
 y - a ring of see invisible (left hand)
 G - an amulet of the acrobat (around neck)
 M - a +6 ring of dexterity
 O - a +4 ring of slaying
 Q - a +4 ring of protection
Wands
 a - a wand of digging (13)
 q - a wand of paralysis (18)
 D - a wand of flame (21)
 J - a wand of quicksilver (8)
 L - a wand of polymorph (6)
Scrolls
 c - 6 scrolls of identify
 e - a scroll of vulnerability
 k - 8 scrolls of teleportation
 n - a scroll of amnesia
 B - 4 scrolls of blinking
 C - 3 scrolls of enchant weapon
 F - 3 scrolls of enchant armour
 K - 3 scrolls of revelation
Potions
 b - 5 potions of brilliance
 d - 4 potions of might
 g - 6 potions of mutation
 i - 4 potions of lignification
 l - 3 potions of cancellation
 m - 5 potions of haste
 s - a potion of enlightenment
 x - a potion of heal wounds
 z - a potion of resistance


   Skills:
 + Level 14.0 Fighting
 - Level 16.0 Maces & Flails
 + Level 5.7 Throwing
 + Level 13.9 Armour
 + Level 13.8 Shields
 + Level 9.9 Invocations


You had 15 spell levels left.
You didn't know any spells.
Your spell library contained the following spells:

 Spells                   Type           Power      Damage    Failure   Level
 Magic Dart               Conj           0%         1d3       100%        1
 Blink                    Tloc           0%         N/A       100%        2
 Wereblood                Tmut           0%         N/A       100%        2
 Dazzling Flash           Conj/Hex       0%         N/A       100%        3
 Frozen Ramparts          Ice            0%         1d1       100%        3
 Hailstorm                Conj/Ice       0%         3d3       100%        3
 Ignite Poison            Fire/Tmut/Pois 0%         N/A       100%        3
 Mephitic Cloud           Conj/Pois/Air  0%         N/A       100%        3
 Cause Fear               Hex            0%         N/A       100%        4
 Olgreb's Toxic Radiance  Pois           0%         N/A       100%        4
 Petrify                  Tmut/Erth      0%         N/A       100%        4
 Sticky Flame             Conj/Fire      0%         2d3       100%        4
 Vhi's Electric Charge    Tloc/Air       0%         N/A       100%        4
 Agony                    Necr           0%         N/A       100%        5
 Arcjolt                  Conj/Air       0%         1d10      100%        5
 Fireball                 Conj/Fire      0%         3d3       100%        5
 Metabolic Englaciation   Hex/Ice        0%         N/A       100%        5
 Silence                  Hex/Air        0%         N/A       100%        5
 Discord                  Hex            0%         N/A       100%        8
 Ignition                 Fire           0%         3d3       100%        8
 Maxwell's Capacitive Co  Air            0%         ∞         100%        8
 Call Imp                 Summ           Unusable   N/A       N/A         2
 Sublimation of Blood     Necr           Unusable   N/A       N/A         2
 Summon Ice Beast         Ice/Summ       Unusable   N/A       N/A         4
 Summon Forest            Summ/Tloc      Unusable   N/A       N/A         5
 Simulacrum               Ice/Necr       Unusable   N/A       N/A         6
 Malign Gateway           Summ/Tloc      Unusable   N/A       N/A         7
 Summon Hydra             Summ           Unusable   N/A       N/A         7
 Dragon's Call            Summ           Unusable   N/A       N/A         9

Dungeon Overview and Level Annotations

Branches:
Dungeon (14/15)            Temple (1/1) D:5            Lair (5/5) D:8
 Shoals (0/4) Lair:3       Spider (0/4) Lair:3        Slime (0/5) Lair:5
    Orc (2/2) D:10            Elf (0/3) Orc:2        Vaults (0/5) D:13
Ossuary (visited)

Altars:
Ashenzari
Cheibriados
Dithmenos
Elyvilon
Fedhas
Gozag
Hepliaklqana
Kikubaaqudgha
Makhleb
Nemelex Xobeh
Okawaru
Qazlal
Ru
Sif Muna
Trog
Uskayaw
Vehumet
Wu Jian
Xom
Yredelemnul
Zin
The Shining One

Shops:
D:4 :   D:6 ?   D:13 :

Annotations:
Orc:1 Sonja


Innate Abilities, Weirdness & Mutations

You are immune to sickness and miasma.
Your stone body is resilient. (AC +12)
You are immune to poison.
Your large and strong wings let you fly.
You resist negative energy. (rN+)
You are resistant to electric shocks. (rElec)
You are resistant to unholy torment.
You are immune to petrification.
You are frail. (-10% HP)
[You occasionally shout uncontrollably at your foes.]


Message History

The neqoxec gestures at you.
Something tries to feed on your intellect!
You stick the tentacled starspawn like a pincushion!!!
You burn the tentacled starspawn.
You destroy the tentacled starspawn!
Okawaru accepts your kill.
The starspawn's tentacles wither and die.
A deafening chorus of shrieks assaults your mind!
A starcursed mass splits.
A tentacled starspawn comes into view.
You feel the corruption within you wane somewhat.
Your urge to scream lessens.
You begin to regenerate regardless of the presence of monsters.
You feel much better.
The substance of the Abyss twists violently, and a gateway leading out appears!
The starcursed mass touches you but does no damage.
A tentacle flies out from the starspawn's body!
A starspawn tentacle comes into view.
You feel yourself speed up. You block the neqoxec's attack.
The starcursed mass touches you!
A cacophony of accursed wailing tears at your sanity!
You skewer the starcursed mass like a kebab!!!
You burn the starcursed mass.
You destroy the starcursed mass!
Okawaru accepts your kill.
A starcursed mass splits.
The neqoxec hits you but does no damage.
A cacophony of accursed wailing tears at your sanity!
* * * LOW HITPOINT WARNING * * *
You suddenly lose the ability to move!
The neqoxec gestures at you.
Strange energies course through your body.
You feel frail.
A cacophony of accursed wailing tears at your sanity!
* * * LOW HITPOINT WARNING * * *
You shrug off the repeated paralysis!
The starcursed mass touches you but does no damage.
The neqoxec hits you but does no damage.
A cacophony of accursed wailing tears at your sanity!
You die...

... . #...### .
.. # # X....
##. .. .....
#.# ... # #
#..#.X#.## ...
.## ..##XXXl..
.. .. ...
...##XXW..... .
##... .#X# .
X......#...#@#
...# . .#3##
.3.. #.#X#.# #
.#.#..X#..# .
#..w...#.#
......#..##.#.#
## ..#. # .#.
.. .###.# .. .
. ### .#. ..


3 You could see 8 starcursed masses, a tentacled starspawn, a basilisk, a
neqoxec and a starspawn tentacle.

Vanquished Creatures
  An ancient lich (Abyss:1)
  Gastronok (D:8)
  2 tentacled starspawn (Abyss:1)
  A lorocyproca (Abyss:1)
  6 slime creatures
  Josephine (Lair:5)
  4 hydras
  2 catoblepae (Lair:5)
  5 boulder beetles
  Erolcha (Orc:2)
  8 vault guards
  Erica (D:8)
  2 death knights
  3 centaur warriors (D:14)
  4 two-headed ogres
  14 death yaks
  A deep troll shaman (Lair:5)
  Urug (Lair:5)
  3 skysharks
  2 wretched stars (Abyss:1)
  A skeletal warrior (D:13)
  A sixfirhy (Abyss:1)
  A glowing orange brain (Abyss:1)
  An orb spider (Lair:3)
  Pikel (D:6)
  4 orc knights
  A deep elf pyromancer (D:14)
  An iron dragon zombie (Abyss:1)
  7 ugly things
  3 cyclopes
  2 manticores
  An orc sorcerer (Orc:1)
  4 black mambas
  Joseph (D:7)
  6 elephants
  An apocalypse crab (Abyss:1)
  14 cane toads
  A smoke demon (Abyss:1)
  A torpor snail (Lair:3)
  2 rime drakes
  A gargoyle (D:11)
  Maggie (D:6)
  3 unseen horrors
  11 komodo dragons
  2 freezing wraiths
  3 tengu conjurers
  5 trolls
  A wind drake (shapeshifter) (D:14)
  A hornet (Lair:2)
  11 dream sheep
  9 polar bears
  Grinder (D:5)
  2 raiju (Abyss:1)
  15 blink frogs
  2 shadows (D:9)
  A spriggan (Lair:2)
  Eustachio (D:6)
  4 wyverns
  4 ynoxinuls (Abyss:1)
  4 fire bats (Lair:2)
  A vampire (Abyss:1)
  9 wraiths
  4 basilisks
  32 yaks
  5 steam dragons
  2 chaos spawn (Abyss:1)
  Grum (Lair:1)
  3 large abominations (Abyss:1)
  3 wargs
  14 vampire mosquitoes
  10 water moccasins
  2 acid dragons
  26 orc warriors
  4 sky beasts
  7 black bears
  3 ice beasts
  An ogre (Orc:1)
  23 wolves
  4 lemures (D:6)
  4 centaurs
  2 kobold brigands (D:9)
  2 small abominations (Abyss:1)
  8 bullfrogs
  A scorpion (D:5)
  7 wights
  15 jellies
  3 killer bees (D:8)
  2 howler monkeys (D:7)
  A centaur zombie (Ossuary)
  A quasit (Abyss:1)
  Crazy Yiuf (D:3)
  18 orc priests
  A starcursed mass (Abyss:1)
  3 hounds
  2 iron imps
  A sleepcap (D:7)
  A gnoll bouda (D:10)
  6 hell rats
  2 iguanas
  29 orc wizards
  2 mummies (Ossuary)
  13 gnolls
  13 adders
  A shadow imp (D:6)
  2 white imps
  3 ufetubi
  2 worms
  A dart slug (D:1)
  78 orcs
  4 ball pythons
  8 endoplasms
  4 giant cockroaches
  4 goblins
  10 hobgoblins
  A quokka (D:1)
  3 bats
  5 frilled lizards
  2 gnoll zombies (Ossuary)
  2 goblin zombies
  3 hobgoblin zombies (Ossuary)
  9 kobolds
  A kobold zombie (Ossuary)
  5 rats
  A rat zombie (D:4)
640 creatures vanquished.

Vanquished Creatures (others)
  An orc wizard (D:7)
  A lurking horror (Abyss:1)
  4 starspawn tentacles (Abyss:1)
6 creatures vanquished.

Grand Total: 646 creatures vanquished

Notes
Turn   | Place    | Note
-------+----------+-------------------------------------------
     0 | D:1      | FakeRyeBread the Gargoyle Fighter began the quest for the
                  | Orb.
     0 | D:1      | Reached XP level 1. HP: 14/14 MP: 1/1
   109 | D:1      | Reached XP level 2. HP: 19/19 MP: 2/2
   815 | D:2      | Reached XP level 3. HP: 23/23 MP: 3/3
   991 | D:2      | Reached skill level 3 in Maces & Flails
  1040 | D:2      | Reached XP level 4. HP: 26/29 MP: 4/4
  2025 | D:3      | Found a runed translucent door.
  2026 | D:3      | Noticed Crazy Yiuf
  2482 | D:3      | Killed Crazy Yiuf
  2483 | D:3      | Reached XP level 5. HP: 14/33 MP: 2/5
  2653 | D:4      | Found Xaalir's Book Boutique.
  2719 | D:4      | Reached skill level 4 in Maces & Flails
  2719 | D:4      | Reached XP level 6. HP: 23/38 MP: 4/6
  2817 | D:4      | Found a sand-covered staircase.
  2841 | Ossuary  | Entered an ossuary
  3907 | D:5      | Entered Level 5 of the Dungeon
  3925 | D:5      | Reached XP level 7. HP: 40/44 MP: 5/7
  3948 | D:5      | Found a staircase to the Ecumenical Temple.
  3960 | Temple   | Entered the Ecumenical Temple
  3978 | Temple   | Became a worshipper of Warmaster Okawaru
  4136 | D:5      | Reached skill level 5 in Maces & Flails
  4306 | D:5      | Noticed Grinder
  4314 | D:5      | Paralysed by Grinder for 5 turns
  4362 | D:5      | Killed Grinder
  4363 | D:5      | Reached skill level 5 in Fighting
  4363 | D:5      | Reached skill level 5 in Armour
  4363 | D:5      | Reached skill level 5 in Shields
  4942 | D:6      | Reached * piety under Okawaru
  4943 | D:6      | Reached XP level 8. HP: 50/50 MP: 8/8
  4987 | D:6      | Noticed Eustachio
  5023 | D:6      | Killed Eustachio
  5024 | D:6      | Reached skill level 6 in Maces & Flails
  5116 | D:6      | Noticed Pikel
  5165 | D:6      | Killed Pikel
  5165 | D:6      | Reached ** piety under Okawaru
  5253 | D:6      | Reached skill level 7 in Maces & Flails
  5259 | D:6      | Reached XP level 9. HP: 35/55 MP: 5/11
  5270 | D:6      | Reached *** piety under Okawaru
  5404 | D:6      | Found a radiant altar of Vehumet.
  5405 | D:6      | Noticed Maggie
  5421 | D:6      | Killed Maggie
  5784 | D:6      | Reached skill level 8 in Maces & Flails
  6017 | D:6      | Found a transporter.
  6019 | D:6      | Found Huchobb's Magic Scroll Boutique.
  6128 | D:6      | Found a transporter.
  6403 | D:6      | Bought a scroll of enchant weapon for 97 gold pieces
  6403 | D:6      | Bought a scroll of blinking for 97 gold pieces
  6403 | D:6      | Bought a scroll of identify for 26 gold pieces
  6403 | D:6      | Bought a scroll of identify for 26 gold pieces
  6924 | D:7      | Found an ornate altar of the Wu Jian Council.
  6986 | D:7      | Found a snail-covered altar of Cheibriados.
  7227 | D:7      | Reached **** piety under Okawaru
  7355 | D:7      | Noticed Joseph
  7402 | D:6      | Reached XP level 10. HP: 62/63 MP: 11/13
  7425 | D:7      | Killed Joseph
  7708 | D:7      | Reached skill level 9 in Maces & Flails
  7777 | D:7      | Reached ***** piety under Okawaru
  7781 | D:7      | Reached skill level 5 in Invocations
  7798 | D:7      | Identified the granite talisman "Awesul" {rC+ SInv}
  7881 | D:7      | Noticed a purple ugly thing
  7892 | D:7      | Killed a purple ugly thing
  7918 | D:7      | Noticed a cyclops
  7919 | D:7      | Noticed a cyclops
  7984 | D:7      | Killed a cyclops
  7984 | D:7      | Received a gift from Okawaru
  8037 | D:7      | Noticed an unseen horror
  8047 | D:7      | Killed an unseen horror
  8072 | D:7      | Killed a cyclops
  8073 | D:7      | Reached skill level 10 in Maces & Flails
  8180 | D:7      | Identified the +8 chain mail "Koigon" {Drain Fly rF+}
  8300 | D:7      | Found a shimmering blue altar of Sif Muna.
  8378 | D:8      | Noticed Erica
  8388 | D:8      | Killed Erica
  8389 | D:8      | Reached XP level 11. HP: 69/69 MP: 14/14
  8493 | D:8      | Found a staircase to the Lair.
  9000 | D:8      | Noticed Gastronok
  9129 | D:8      | Killed Gastronok
  9130 | D:8      | Reached skill level 11 in Maces & Flails
  9751 | D:9      | Received a gift from Okawaru
  9941 | D:9      | Reached ****** piety under Okawaru
  9959 | D:9      | Acquired a +3 eveningstar of flaming
  9959 | D:9      | Received a gift from Okawaru
  9961 | D:9      | Acquired the +5 crystal plate armour of Proximity {rC+}
  9961 | D:9      | Received a gift from Okawaru
 10450 | D:10     | Entered Level 10 of the Dungeon
 10450 | D:10     | Found a shimmering altar of Xom.
 10538 | D:10     | Reached skill level 1 in Throwing
 10661 | D:10     | Noticed a two-headed ogre
 10672 | D:10     | Found a staircase to the Orcish Mines.
 10762 | D:9      | Killed a two-headed ogre
 11632 | D:11     | Reached XP level 12. HP: 73/76 MP: 15/15
 11807 | D:11     | Noticed a two-headed ogre
 11828 | D:11     | Killed a two-headed ogre
 11913 | D:11     | Reached skill level 12 in Maces & Flails
 11915 | D:11     | Received a gift from Okawaru
 12022 | D:11     | Noticed a boulder beetle
 12032 | D:11     | Killed a boulder beetle
 12560 | D:12     | Noticed a two-headed ogre
 12566 | D:12     | Killed a two-headed ogre
 12567 | D:12     | Reached skill level 10 in Fighting
 12665 | D:12     | Noticed a boulder beetle
 12684 | D:12     | Killed a boulder beetle
 12797 | D:12     | Reached skill level 10 in Armour
 12797 | D:12     | Reached skill level 10 in Shields
 13190 | D:13     | Noticed a death knight
 13214 | D:12     | Killed a death knight
 13214 | D:12     | Received a gift from Okawaru
 13514 | D:13     | Found Vuplofe's Book Emporium.
 13532 | D:13     | Noticed a two-headed ogre
 13538 | D:13     | Killed a two-headed ogre
 13583 | D:13     | Noticed a seven-headed hydra
 13592 | D:13     | Killed a seven-headed hydra
 13743 | D:13     | Received a gift from Okawaru
 13747 | D:13     | Reached skill level 13 in Maces & Flails
 13818 | D:13     | Found a gate to the Vaults.
 13818 | D:13     | Noticed a vault guard
 13818 | D:13     | Noticed a vault guard
 13818 | D:13     | Noticed a vault guard
 13818 | D:13     | Noticed a vault guard
 13818 | D:13     | Noticed a vault guard
 13822 | D:13     | Noticed a vault guard
 13824 | D:13     | Noticed a vault guard
 13827 | D:13     | Noticed a vault guard
 13934 | Lair:1   | Entered Level 1 of the Lair of Beasts
 14097 | Lair:1   | Noticed Grum
 14110 | Lair:1   | Reached XP level 13. HP: 69/83 MP: 16/16
 14111 | Lair:1   | Killed Grum
 14157 | Lair:1   | Found a stormy altar of Qazlal.
 15172 | Lair:2   | Reached skill level 5 in Throwing
 15303 | Lair:2   | Received a gift from Okawaru
 15817 | Lair:2   | Received a gift from Okawaru
 16018 | Lair:2   | Reached skill level 14 in Maces & Flails
 16129 | Lair:3   | Identified the "Kyukhela"
 16225 | Lair:3   | Identified the +1 chain mail "Anuel" {-Cast rPois rC+
                  | Str+6}
 16552 | Lair:3   | Found a hole to the Spider Nest.
 16776 | Lair:3   | Found a staircase to the Shoals.
 17358 | Lair:4   | Received a gift from Okawaru
 17405 | Lair:4   | Gained mutation: Your large and strong wings let you fly.
                  | [Gargoyle growth]
 17405 | Lair:4   | Reached XP level 14. HP: 79/91 MP: 18/18
 17479 | Lair:4   | Identified the +5 dagger of Integrity {freeze, *Slow rC+
                  | rCorr Int+5}
 17530 | Lair:4   | Found an iron altar of Okawaru.
 17881 | Lair:4   | Received a gift from Okawaru
 18425 | Lair:5   | Entered Level 5 of the Lair of Beasts
 18624 | Lair:5   | Reached skill level 15 in Maces & Flails
 18701 | Lair:5   | Noticed Josephine
 18716 | Lair:5   | Killed Josephine
 18824 | Lair:5   | Noticed Urug
 18834 | Lair:5   | Received a gift from Okawaru
 18855 | Lair:5   | Killed Urug
 19299 | Lair:5   | Received a gift from Okawaru
 19601 | Lair:5   | Found a staircase to the Slime Pits.
 19971 | Lair:5   | Reached XP level 15. HP: 96/97 MP: 20/20
 19985 | Lair:5   | Received a gift from Okawaru
 20495 | D:13     | Reached skill level 16 in Maces & Flails
 20715 | D:13     | Received a gift from Okawaru
 21805 | D:14     | Received a gift from Okawaru
 22746 | Orc:1    | Entered Level 1 of the Orcish Mines
 23289 | Orc:2    | Entered Level 2 of the Orcish Mines
 23342 | Orc:2    | Received a gift from Okawaru
 23552 | Orc:2    | Found a staircase to the Elven Halls.
 23601 | Orc:1    | Noticed Sonja
 23601 | Orc:1    | Noticed Erolcha
 23739 | Orc:2    | Killed Erolcha
 23987 | Abyss:1  | Cast into level 1 of the Abyss (Sonja)
 24144 | Abyss:1  | Noticed an ancient lich
 24155 | Abyss:1  | Killed an ancient lich
 24155 | Abyss:1  | Received a gift from Okawaru
 24156 | Abyss:1  | Reached XP level 16. HP: 51/105 MP: 23/23
 24318 | Abyss:1  | Noticed a tentacled starspawn
 24335 | Abyss:1  | Killed a tentacled starspawn
 24458 | Abyss:1  | Noticed a tentacled starspawn
 24469 | Abyss:1  | Killed a tentacled starspawn
 24469 | Abyss:1  | Noticed a tentacled starspawn
 24472 | Abyss:1  | Paralysed by accursed screaming for 2 turns
 24473 | Abyss:1  | Gained mutation: You are frail. (-10% HP) [a neqoxec]
 24474 | Abyss:1  | Killed from afar by a starcursed mass

Illustrated notes

Levels and vault maps discovered:
D:1:      dpeg_arrival_line_fractal, layout_loops_ring, minmay_misc_feat_encased
D:2:      minmay_angry_zag, layout_basic
D:3:      layout_basic, serial_forest, infiniplex_forest_end_1,
          infiniplex_forest_corner_2, infiniplex_forest_clump_double,
          infiniplex_forest_straight_3, infiniplex_forest_lined_ring,
          infiniplex_forest_lined_room_2, infiniplex_forest_straight_2,
          uniq_crazy_yiuf_cottage
D:4:      layout_loops_corners, enter_ossuary_4, serial_shops,
          nicolae_take_the_stairs
D:5:      layout_loops_ring, minmay_temple_entry_mini_moons, uniq_grinder
D:6:      cheibrodos_steamvent, layout_basic, mainiacjoe_overflow_chevrons,
          serial_shops, nicolae_shop_drivethru, chequers_mini_garden,
          uniq_maggie, uniq_eustachio, uniq_pikel
D:7:      minmay_the_grid_octo_tiled_squarecenter [minmay_the_grid_octo_horde,
          minmay_the_grid_octo_teeth, minmay_the_grid_octo_thin_diamonds,
          minmay_the_grid_octo_checkerflower,
          minmay_the_grid_square_5x5_megaprize_crossed,
          minmay_the_grid_square_5x5_beaten_path,
          minmay_the_grid_square_5x5_minimal,
          minmay_the_grid_square_5x5_three_walls,
          minmay_the_grid_square_5x5_slash], layout_loops_ring, tgw_sif,
          kennysheep_mini, slow_altar_1, uniq_joseph
D:8:      minmay_flawed_box, layout_gridville, erik_lair_orcish_takeover,
          minivault_27, uniq_erica, uniq_gastronok
D:9:      layout_loops_ring
D:10:     layout_cave_pools, lemuel_crystal_altar, david_orc_5
D:11:     nicolae_cairo_tiling_large_dashed, layout_loops_ring
D:12:     layout_loops_ring
D:13:     layout_roguey, erik_vaults_2, serial_shops, nicolae_diamond_shop,
          serial_aquarium, aquarium_bridge_straight [aquarium_subvault_bridge,
          aquarium_subvault_balcony, aquarium_subvault_bridge,
          aquarium_subvault_wall], aquarium_bridge_square
          [aquarium_subvault_bridge, aquarium_subvault_bridge,
          aquarium_subvault_window, aquarium_subvault_window],
          aquarium_window_1, aquarium_window_2, aquarium_window_2,
          aquarium_view_2d, aquarium_balcony_3b
D:14:     kennysheep_ambush_hall, layout_basic
Temple:   bh_familiar_temple
Lair:1:   layout_loops_ring, basic_altar, gammafunk_lair_bear_cave, uniq_grum
Lair:2:   layout_gridlike, grunt_forest_stairs_clearing, grunt_megastairs_1
Lair:3:   layout_regular_city, elwin_shoals_entry_rocks,
          nicolae_spider_entry_orb_guardian
Lair:4:   layout_roguey, basic_altar, cheibrodos_lair_lostbears,
          lemuel_fruit_tree
Lair:5:   grunt_lair_end_beastmaster, layout_gridlike,
          minmay_slime_entry_jelly_boxes, uniq_josephine, uniq_urug
Orc:1:    layout_caves, uniq_sonja, uniq_erolcha
Orc:2:    grunt_orc_cross, layout_caves, uniq_azrael
Abyss:1:  base: D:13, base: D:14, evilmike_abyss_exit_vortex, minivault_28

Skill      XL: |  1  2  3  4  5  6  7  8  9 10 11 12 13 14 15 16 |
---------------+-------------------------------------------------+-----
Maces & Flails | 3 4 5 7 8 10 11 13 14 15 16 | 16.0
Shields        | 4 5 6 7 8 9 10 11 12 13 | 13.8
Fighting       | 4 5 6 7 8 9 10 11 12 13 14 | 14.0
Armour         | 4 5 6 7 8 9 10 11 12 13 | 13.9
Invocations    | 2 4 5 7 9 |  9.9
Throwing       | 2 4 5 |  5.7

Action                     |  1- 3 |  4- 6 |  7- 9 | 10-12 | 13-15 | 16-18 || total
---------------------------+-------+-------+-------+-------+-------+-------++-------
  Melee: Flail             |    73 |    79 |       |       |       |       ||   152
         Morningstar       |       |   134 |    37 |       |       |       ||   171
         Whip              |       |       |   330 |   422 |       |       ||   752
         Eveningstar       |       |       |       |   305 |  1321 |    85 ||  1711
  Throw: Boomerang         |       |       |       |    38 |     7 |       ||    45
         Javelin           |       |       |       |       |     2 |     1 ||     3
 Invoke: Heroism           |       |       |       |     2 |       |       ||     2
         Receive Weapon    |       |       |       |     1 |       |       ||     1
         Receive Armour    |       |       |       |     1 |       |       ||     1
    Use: Scroll            |       |    12 |     6 |     8 |     4 |       ||    30
         Potion            |       |     1 |     4 |     5 |     4 |     5 ||    19
   Stab: Petrified         |       |       |       |       |     2 |       ||     2
 Armour: Scale mail        |    58 |    77 |       |       |       |       ||   135
         Chain mail        |       |    58 |   147 |       |       |       ||   205
         Plate armour      |       |       |    94 |   254 |       |       ||   348
         Crystal plate arm |       |       |       |   345 |  1096 |    69 ||  1510
  Dodge: Dodged            |    36 |    66 |    84 |   219 |   300 |    21 ||   726
  Block: Buckler           |    17 |    37 |    74 |   154 |    81 |       ||   363
         Kite shield       |       |       |       |       |   500 |    44 ||   544

Table legend: (Time is in decaauts)
 A = Elapsed time spent in this place.
 B = Non-inter-level travel time spent in this place.
 C = Inter-level travel time spent in this place.
 D = Time resting spent in this place.
 E = Time spent auto-exploring this place.
 F = Levels seen in this place.
 G = Mean time per level.
                   A        B        C        D        E       F      G
               +--------+--------+--------+--------+--------+-----+--------+
         Total |  24073 |  21397 |   2676 |   3497 |  12262 |  24 | 1003.0 |
       Dungeon |  15916 |  13847 |   2069 |   2370 |   8409 |  14 | 1136.9 |
        Temple |     35 |      2 |     33 |      0 |      0 |   1 |   35.0 |
          Lair |   6306 |   5862 |    444 |    710 |   3607 |   5 | 1261.2 |
  Orcish Mines |   1089 |    960 |    129 |    285 |    238 |   2 |  544.5 |
         Abyss |    452 |    452 |      0 |    128 |      0 |   1 |  452.0 |
       Ossuary |    272 |    272 |      0 |      4 |      8 |   1 |  272.0 |
               +--------+--------+--------+--------+--------+-----+--------+

Top non-repeatable levels by time:
  Lair:5: 1642 daAuts
     D:7: 1573 daAuts
     D:6: 1540 daAuts
    D:12: 1299 daAuts
     D:8: 1288 daAuts
    D:13: 1269 daAuts
  Lair:4: 1234 daAuts
  Lair:3: 1213 daAuts
     D:9: 1197 daAuts
     D:4: 1164 daAuts
     D:5: 1154 daAuts
  Lair:2: 1141 daAuts
    D:14: 1116 daAuts
  Lair:1: 1074 daAuts
     D:3: 936 daAuts
